 Dungeon Crawl Stone Soup version 0.25.1-2-g60ff931df9 (webtiles) character file.

Game seed: 10744013874738544987

136962 Snicker the Frost Mage (level 16, -7/139 HPs)
             Began as a Yellow Draconian Ice Elementalist on Oct 17, 2020.
             Was an Initiate of Gozag.
             Killed from afar by a +1 scimitar of flaming (43 damage)
             ... with an exploding inner flame
             ... hexed by the player character
             ... on level 2 of the Elven Halls.
             The game lasted 01:30:08 (36896 turns).

Snicker the Frost Mage (DrIE)                      Turns: 36896, Time: 01:30:08

Health: -7/139     AC: 16    Str: 11    XL:     16   Next: 67%
Magic:  40/40      EV: 16    Int: 29    God:    Gozag
Gold:   574        SH:  0    Dex: 11    Spells: 8/38 levels left

rFire    . . .     SeeInvis .   a - +8 autumn katana {vorpal, Clar}
rCold    . . .     Gourm    .   (no shield)
rNeg     + . .     Faith    .   (armour unavailable)
rPois    +         Spirit   .   (helmet restricted)
rElec    +         Reflect  .   Z - scarf {repulsion}
rCorr    +         Harm     .   Y - +1 pair of gloves of Least Resistance {rElec}
MR       +....     Clarity  +   W - +4 pair of boots of the Cooper {rPois}
Stlth    +++.......             s - amulet of magic regeneration
HPRegen  0.33/turn              S - +6 ring of intelligence
MPRegen  0.52/turn              X - ring "Nuruv" {rPois rN+ MP+9}

@: studying Fire Magic, repel missiles
A: spit acid, unfitting armour, blink, deterioration 1, acidic bite,
cold-blooded, acid resistance, AC +9
a: Breathe Acid, Blink, Potion Petition, Call Merchant, Bribe Branch, Renounce
Religion


You were on level 2 of the Elven Halls.
You worshipped Gozag.
Gozag was pleased with you.
You were not hungry.

You visited 5 branches of the dungeon, and saw 26 of its levels.
You also visited: Ossuary, Bailey, Gauntlet and Ice Cave.

You collected 6872 gold pieces.
You spent 2678 gold pieces at shops.
You paid 3620 gold pieces to Gozag.

Inventory:

Hand Weapons
 a - the +8 autumn katana (weapon) {vorpal, Clar}
   (You found it on level 4 of the Dungeon)

   It inflicts extra damage upon your enemies.
   It protects you against confusion.
 b - the +7 great mace "Firestarter" {inner flame, rF++}
   (You found it on level 12 of the Dungeon)

   It has been specially enchanted to burn those struck by it, causing extra
   injury to most foes and up to half again as much damage against particularly
   susceptible opponents.
   It greatly protects you from fire.
 r - a +2 dagger of speed
 D - the +12 shortbow "Deubaed" {speed, +Blink rC- Int+4 SInv}
   (You found it in a Gauntlet)

   Attacks with this weapon are significantly faster.
   It affects your intelligence (+4).
   It makes you vulnerable to cold.
   It lets you see invisible.
   It lets you blink.
 I - the +5 battleaxe "Mavvaov" {drain, rPois MR+++ Int-4 Stlth-}
   (You took it off a necromancer in an ice cave)

   A truly terrible weapon, it drains the life of those it strikes.
   It affects your intelligence (-4).
   It protects you from poison.
   It affects your resistance to hostile enchantments.
   It makes you less stealthy.
Missiles
 k - 14 javelins (quivered)
Armour
 h - a +1 pair of gloves of strength
 o - a +2 cloak of preservation
 z - a +2 cloak of poison resistance
 F - the +1 pair of gloves of the Loofah {Stlth+}
   (You found it in a Gauntlet)

   It makes you more stealthy.
 H - the +2 buckler of Crawling {Regen+}
   (You acquired it on level 2 of the Lair of Beasts)

   It increases your rate of regeneration.
 W - the +4 pair of boots of the Cooper (worn) {rPois}
   (You bought it in a shop on level 5 of the Lair of Beasts)

   It protects you from poison.
 Y - the +1 pair of gloves of Least Resistance (worn) {rElec}
   (You bought it in a shop on level 5 of the Lair of Beasts)

   It insulates you from electricity.
 Z - a scarf of repulsion (worn)
Jewellery
 c - an uncursed ring of ice
 s - an amulet of magic regeneration (around neck)
 x - an uncursed ring of stealth
 L - an uncursed ring of protection from fire
 R - an uncursed amulet of guardian spirit
 S - a +6 ring of intelligence (left hand)
 X - the ring "Nuruv" (right hand) {rPois rN+ MP+9}
   (You bought it in a shop on level 1 of the Lair of Beasts)

   [ring of positive energy]

   It protects you from poison.
   It protects you from negative energy.
   It affects your magic capacity (+9).
Wands
 j - a wand of random effects (36)
 n - a wand of acid (19)
 p - a wand of iceblast (15)
 t - a wand of paralysis (11)
 y - a wand of digging (11)
 C - a wand of polymorph (19)
 M - a wand of enslavement (31)
 O - a wand of disintegration (21)
 Q - a wand of flame (16)
Scrolls
 f - 23 scrolls of identify
 g - 2 scrolls of amnesia
 l - 12 scrolls of remove curse
 m - 7 scrolls of enchant weapon
 q - 12 scrolls of teleportation
 u - 8 scrolls of immolation
 w - a scroll of blinking
 A - 2 scrolls of fear
 K - 4 scrolls of magic mapping
 N - 2 scrolls of enchant armour
 T - 4 scrolls of fog
Potions
 d - a potion of lignification
 e - 7 potions of haste
 i - 3 potions of brilliance
 P - 3 potions of curing
 V - a potion of might
Books
 E - a manual of Fire Magic
Miscellaneous
 G - a phantom mirror
 J - a lightning rod (4/4)
Comestibles
 B - 19 rations


   Skills:
 + Level 11.7 Fighting
 - Level 1.3(7.9) Short Blades
 - Level 12.0 Long Blades
 * Level 8.3 Maces & Flails
   Level 0.1(5.1) Staves
 + Level 0.9 Throwing
 + Level 9.0 Dodging
 + Level 7.3 Stealth
 * Level 8.8 Shields
 + Level 11.9 Spellcasting
 + Level 5.7 Conjurations
 + Level 0.7 Charms
 * Level 14.5 Ice Magic
 + Level 1.2 Air Magic
 + Level 1.3 Evocations


You had 8 spell levels left.
You knew the following spells:

 Your Spells              Type           Power        Failure   Level  Hunger
a - Iron Shot             Conj/Erth      ####......   82%         6    #####..
b - Frozen Ramparts       Ice            ######       1%          3    None
c - Ozocubu's Armour      Chrm/Ice       ######..     1%          3    None
d - Hailstorm             Conj/Ice       ######..     1%          4    None
e - Freezing Cloud        Conj/Ice/Air   ######....   26%         6    #####..
f - Blink                 Tloc           N/A          4%          2    None
g - Ozocubu's Refrigerat  Ice            #######...   1%          6    #####..

Your spell library contained the following spells:

 Spells                   Type           Power        Failure   Level  Hunger
 Freeze                   Ice            ####         0%          1    None
 Magic Dart               Conj           ####         1%          1    None
 Ice Form                 Ice/Tmut       ######..     1%          4    None
 Summon Ice Beast         Ice/Summ       ######..     1%          4    None
 Conjure Flame            Conj/Fire      ####....     2%          3    None
 Animate Skeleton         Necr           N/A          3%          1    None
 Apportation              Tloc           ###...       3%          1    None
 Corona                   Hex            ###....      3%          1    None
 Summon Small Mammal      Summ           ###.         3%          1    None
 Corpse Rot               Necr/Air       N/A          3%          2    None
 Poisonous Vapours        Pois/Air       ###...       3%          2    None
 Mephitic Cloud           Conj/Pois/Air  ####....     3%          3    None
 Call Imp                 Summ           ###.....     4%          2    None
 Slow                     Hex            ###.....     4%          2    None
 Metabolic Englaciation   Hex/Ice        ######....   4%          5    ##.....
 Inner Flame              Hex/Fire       ###.....     10%         3    None
 Portal Projectile        Hex/Tloc       ###...       10%         3    None
 Iskenderun's Battlesphe  Conj/Chrm      #####...     22%         5    ##.....
 Simulacrum               Ice/Necr       ######....   24%         6    #####..
 Irradiate                Conj/Tmut      ####......   26%         5    ##.....
 Animate Dead             Necr           N/A          30%         4    None
 Cause Fear               Hex            ###.......   30%         4    None
 Leda's Liquefaction      Hex/Erth       ###.......   30%         4    None
 Bolt of Magma            Conj/Fire/Erth ####......   36%         5    ##.....
 Orb of Destruction       Conj           ######....   94%         7    ######.
 Hydra Form               Tmut           ###.......   99%         6    #####..
 Statue Form              Tmut/Erth      ###......    99%         6    #####..
 Dragon Form              Tmut           ###.......   100%        7    ######.
 Ring of Flames           Chrm/Fire      ###.......   100%        7    ######.
 Spellforged Servitor     Conj/Summ      ####......   100%        7    ######.


Dungeon Overview and Level Annotations

Branches:
Dungeon (15/15)            Temple (1/1) D:6            Lair (6/6) D:10
  Swamp (0/4) Lair:3       Spider (0/4) Lair:3        Slime (0/5) Lair:6
    Orc (2/2) D:11            Elf (2/3) Orc:2        Vaults (0/5) D:13
 Depths (0/5) D:15        Ossuary (visited)          Bailey (visited)
  IceCv (visited)         Gauntlet (visited)

Altars:
Ashenzari
Cheibriados
Dithmenos
Elyvilon
Fedhas
Gozag
Hepliaklqana
Kikubaaqudgha
Makhleb
Nemelex Xobeh
Okawaru
Qazlal
Ru
Sif Muna
Trog
Uskayaw
Vehumet
Wu Jian
Xom
Yredelemnul
Zin
The Shining One
Lugonu

Shops:
D:4 *   D:6 [   D:7 *   D:12 ?   D:13 !:   Orc:2 (?*}   Elf:1 :   Lair:1 =
Lair:5 [

Annotations:
Lair:2 exclusion: 3 oklob plants


Innate Abilities, Weirdness & Mutations

You can spit globs of acid.
Your golden yellow scales are hard. (AC +9)
You cannot fit into any form of body armour.
You have acidic saliva.
You are cold-blooded and may be slowed by cold attacks.
You are resistant to acid. (rCorr)
You can translocate small distances at will.
Your body sometimes deteriorates upon taking damage.


Message History

The +1 scimitar of flaming is severely damaged.
You hit the +1 scimitar of flaming but do no damage.
The +1 scimitar of flaming is severely damaged.
The +1 scimitar of flaming is engulfed in blazing flames.
Flame seeps out of the +1 scimitar of flaming.
The +1 scimitar of flaming hits you.
* * * LOW HITPOINT WARNING * * *
The +1 scimitar of flaming burns you.
* * * LOW HITPOINT WARNING * * *
You barely miss the +1 scimitar of flaming.
The +1 scimitar of flaming is almost destroyed.
The +1 scimitar of flaming is engulfed in blazing flames.
Flame seeps out of the +1 scimitar of flaming.
The +1 scimitar of flaming misses you.
You riposte.
You hit the +1 scimitar of flaming.
Flame seeps out of the +1 scimitar of flaming.
The +1 scimitar of flaming explodes!
The fiery explosion engulfs you!!!
You die...
Your body crumbles into a pile of gold.

#..## #.###.#.###.
#...###..# #.<## #
# #.............#
#. ##.########...#
#.. #.# #..#.
#..!###.# #..##
....)...########..
.........$........
.....$§@########..
....###°# #... #§#
#.. #.# ## #.# #.#
#.# #.#


There were no monsters in sight!

Vanquished Creatures
  Jorgrun (Orc:2)
  Rupert (Lair:4)
  An orc warlord (Bailey)
  Nessos (Lair:5)
  A dire elephant (D:15)
  A minotaur (Gauntlet)
  Azrael (D:12)
  Snorg (Lair:6)
  Josephine (D:14)
  A fire dragon (D:12)
  4 vault guards (D:13)
  A death knight (D:15)
  9 hydras
  2 catoblepae
  An ogre mage (D:15)
  19 two-headed ogres
  4 centaur warriors
  Erica (Lair:1)
  An alligator (Lair:6)
  2 tengu warriors (D:15)
  3 orc high priests (Orc:2)
  7 death yaks
  Urug (Lair:3)
  5 deep elf knights
  A wretched star (Gauntlet)
  2 unseen horrors
  2 deep elf archers (Elf:1)
  A swamp dragon (Lair:3)
  5 orc knights
  A necromancer (IceCv)
  22 deep elf magi
  A salamander (D:15)
  2 manticores
  An orb spider (Lair:3)
  4 orc sorcerers (Orc:2)
  A wolf spider (D:15)
  7 ugly things
  3 cyclopes
  3 ice statues (IceCv)
  4 black mambas
  27 spiny frogs
  2 centaur zombies
  A gargoyle (D:10)
  Maggie (D:7)
  2 minotaur zombies (Gauntlet)
  2 centaur skeletons
  8 ice devils
  2 rime drakes
  An efreet (D:13)
  7 komodo dragons
  2 tengu conjurers
  A troll (D:14)
  4 tyrant leeches (Lair:6)
  A hornet (D:10)
  Prince Ribbit (D:6)
  8 dream sheep
  20 blink frogs
  A meliai zombie (D:12)
  A centaur simulacrum (D:13)
  10 hippogriffs
  A small abomination (Gauntlet)
  An air elemental (Elf:1)
  2 water elementals (Elf:1)
  A spriggan (Lair:6)
  Sigmund (D:5)
  A vampire (D:10)
  8 basilisks
  2 hungry ghosts
  3 wyverns
  6 fire bats (D:12)
  26 yaks
  Grum (Lair:1)
  4 wraiths (D:14)
  3 fire elementals (D:12)
  A steam dragon (D:8)
  15 vampire mosquitoes
  Menkaure (D:4)
  An acid dragon (D:15)
  A soldier ant (shapeshifter) (Elf:1)
  4 hell hounds (D:12)
  5 porcupines
  12 water moccasins
  34 orc warriors
  5 ice beasts
  3 black bears
  8 necrophages
  3 sky beasts (D:7)
  2 eyes of draining
  4 boggarts (D:12)
  13 ogres
  7 phantoms
  9 centaurs
  8 wolves
  A crocodile (shapeshifter) (D:15)
  4 big kobolds
  2 elf zombies (Ossuary)
  19 crocodiles
  27 bullfrogs
  5 killer bees (D:7)
  4 scorpions
  An electric eel (Lair:6)
  6 howler monkeys
  6 wights
  3 bullfrog zombies
  2 quasits
  8 crimson imps
  4 draconian simulacra (IceCv)
  Crazy Yiuf (D:6)
  4 hounds
  3 jellies
  A bullfrog skeleton (D:13)
  11 orc priests
  A gnoll shaman (D:4)
  A human zombie (Ossuary)
  25 orc wizards
  7 iguanas
  2 hell rats (Lair:1)
  A spriggan simulacrum (IceCv)
  9 worker ants
  A troll simulacrum (IceCv)
  8 ogre zombies (D:11)
  2 hound skeletons
  A hound zombie (Ossuary)
  3 mummies (Ossuary)
  2 worker ant zombies
  20 adders
  30 gnolls
  2 ogre simulacra (IceCv)
  9 river rats (Lair:1)
  2 naga simulacra (IceCv)
  4 shadow imps
  2 oozes
  5 adder zombies (Ossuary)
  2 adder skeletons
  3 worms
  2 dart slugs
  6 leopard geckos
  73 orcs
  6 bats
  8 giant cockroaches
  4 gnoll zombies (Ossuary)
  16 goblins
  17 hobgoblins
  16 jackals
  9 kobolds
  7 quokkas
  A ball python (D:7)
  5 frilled lizards
  A goblin skeleton (D:11)
  7 goblin zombies
  A hobgoblin skeleton (D:11)
  4 hobgoblin zombies
  A jackal skeleton (D:4)
  3 jackal zombies
  6 kobold zombies (Ossuary)
  3 orc skeletons (D:11)
  16 orc zombies
  2 quokka zombies (Ossuary)
  10 rats
  4 rat zombies (Ossuary)
  A butterfly (Lair:5)
  A fungus (Lair:2)
912 creatures vanquished.

Vanquished Creatures (others)
  5 dancing weapons
  An ogre mage (D:15)
  5 fungi
  45 plants
  A withered plant (Gauntlet)
57 creatures vanquished.

Grand Total: 969 creatures vanquished

Notes
Turn   | Place    | Note
-------+----------+-------------------------------------------
     0 | D:1      | Snicker the Draconian Ice Elementalist began the quest for
                  | the Orb.
     0 | D:1      | Reached XP level 1. HP: 14/14 MP: 3/3
   237 | D:1      | Reached XP level 2. HP: 12/20 MP: 0/5
  1108 | D:1      | Reached XP level 3. HP: 23/26 MP: 2/6
  1134 | D:1      | Learned a level 3 spell: Frozen Ramparts
  1811 | D:2      | Reached skill level 5 in Ice Magic
  1905 | D:2      | Reached XP level 4. HP: 27/33 MP: 3/7
  2895 | D:3      | Found a faded altar of an unknown god.
  3138 | D:3      | Learned a level 3 spell: Ozocubu's Armour
  3185 | D:3      | Reached XP level 5. HP: 22/38 MP: 3/9
  3194 | D:3      | Reached skill level 1 in Short Blades
  4377 | D:4      | Reached XP level 6. HP: 46/46 MP: 8/11
  4383 | D:4      | Learned a level 4 spell: Hailstorm
  4416 | D:4      | Found Aleacayp's General Store.
  4426 | D:4      | Found the +8 autumn katana {vorpal, Clar}
  4482 | D:4      | You fall into a shaft and drop 3 floors!
  4513 | D:7      | Reached skill level 6 in Ice Magic
  4534 | D:7      | Noticed a sky beast
  4538 | D:6      | Noticed Prince Ribbit
  4551 | D:6      | Killed Prince Ribbit
  4551 | D:6      | Reached skill level 1 in Fighting
  4551 | D:6      | Reached skill level 1 in Long Blades
  4551 | D:6      | Your scales start taking on a golden yellow colour.
  4551 | D:6      | Reached XP level 7. HP: 29/52 MP: 8/13
  4551 | D:6      | Gained mutation: You are resistant to acid. (rCorr) [Yellow
                  | Draconian growth]
  4843 | D:6      | Reached skill level 5 in Spellcasting
  4889 | D:6      | Found a staircase to the Ecumenical Temple.
  4896 | Temple   | Entered the Ecumenical Temple
  5400 | D:6      | Found a runed translucent door.
  5401 | D:6      | Noticed Crazy Yiuf
  5472 | D:6      | Reached XP level 8. HP: 49/61 MP: 12/15
  5654 | D:6      | Reached skill level 7 in Ice Magic
  5841 | D:6      | Found Zavylit's Antique Armour Shop.
  6204 | D:6      | Killed Crazy Yiuf
  6312 | D:7      | Found Teufoca's Assorted Antiques.
  6319 | D:7      | Noticed Maggie
  6332 | D:7      | Killed Maggie
  6754 | D:7      | Reached skill level 5 in Long Blades
  6979 | D:7      | Reached XP level 9. HP: 68/68 MP: 15/18
  7341 | D:8      | Reached skill level 8 in Ice Magic
  7377 | D:8      | Learned a level 6 spell: Freezing Cloud
  8020 | D:8      | Noticed a three-headed hydra
  8045 | D:8      | Killed a three-headed hydra
  8045 | D:8      | Reached XP level 10. HP: 8/77 MP: 20/20
  8813 | D:8      | Reached skill level 1 in Evocations
  9117 | D:9      | Noticed a two-headed ogre
  9135 | D:9      | Killed a two-headed ogre
  9487 | D:9      | Found a flagged portal.
  9499 | Bailey   | Entered a bailey
  9922 | Bailey   | Reached skill level 9 in Ice Magic
 10182 | Bailey   | Noticed an orc knight
 10199 | Bailey   | Killed an orc knight
 10486 | Bailey   | Noticed an orc warlord
 10493 | Bailey   | Reached XP level 11. HP: 73/85 MP: 12/22
 10508 | Bailey   | Killed an orc warlord
 10508 | Bailey   | Reached skill level 10 in Long Blades
 10602 | Bailey   | Reached skill level 5 in Conjurations
 10602 | Bailey   | Reached XP level 12. HP: 65/100 MP: 24/24
 10822 | D:10     | Entered Level 10 of the Dungeon
 10831 | D:10     | Noticed a two-headed ogre
 10832 | D:10     | Noticed a two-headed ogre
 10842 | D:10     | Killed a two-headed ogre
 10979 | D:10     | Noticed a two-headed ogre
 11594 | D:10     | Found a staircase to the Lair.
 11717 | D:10     | Killed a two-headed ogre
 11722 | D:10     | Killed a two-headed ogre
 11722 | D:10     | Reached skill level 5 in Stealth
 11722 | D:10     | Reached skill level 10 in Ice Magic
 12538 | D:11     | Found a staircase to the Orcish Mines.
 12946 | D:5      | Entered Level 5 of the Dungeon
 13015 | D:5      | Found a sand-covered staircase.
 13026 | Ossuary  | Entered an ossuary
 13783 | D:5      | Noticed Sigmund
 13805 | D:5      | Killed Sigmund
 14008 | D:5      | Found an iron altar of Okawaru.
 14033 | D:4      | Found an opulent altar of Gozag.
 14034 | D:4      | Found a burning altar of Makhleb.
 14034 | D:4      | Found a bloodstained altar of Trog.
 14035 | D:4      | Found an ornate altar of the Wu Jian Council.
 14058 | D:4      | Became a worshipper of Gozag Ym Sagoz the Greedy
 14478 | D:4      | Noticed Menkaure
 14488 | D:4      | Killed Menkaure
 15107 | Lair:1   | Entered Level 1 of the Lair of Beasts
 15481 | Lair:1   | Reached XP level 13. HP: 106/108 MP: 24/26
 15514 | Lair:1   | Noticed Erica
 15526 | Lair:1   | Killed Erica
 15536 | Lair:1   | Noticed Grum
 16047 | Lair:1   | Killed Grum
 17200 | Lair:1   | Bought the ring "Nuruv" {rPois rN+ MP+9} for 601 gold
                  | pieces
 17682 | Lair:2   | Identified a scroll of acquirement
 17684 | Lair:2   | Acquired the +2 buckler of Crawling {Regen+}
 18153 | Lair:3   | Reached skill level 11 in Ice Magic
 18282 | Lair:3   | Reached skill level 1 in Shields
 18310 | Lair:3   | Noticed Urug
 18344 | Lair:3   | Killed Urug
 18415 | Lair:3   | Found a staircase to the Swamp.
 18510 | Lair:3   | Found a hole to the Spider Nest.
 18518 | Lair:3   | Reached skill level 10 in Spellcasting
 19154 | Lair:4   | Noticed Rupert
 19170 | Lair:4   | Paralysed by Rupert for 6 turns
 19183 | Lair:4   | Killed Rupert
 19199 | Lair:4   | Found a frozen archway.
 19264 | IceCv    | Entered an ice cave
 20466 | IceCv    | Identified the +5 battleaxe "Mavvaov" {drain, rPois MR+++
                  | Int-4 Stlth-}
 20488 | IceCv    | Got a masterwork lajatang
 20489 | IceCv    | Identified the +3 lajatang of Desertification {vorpal,
                  | Int+6} (You found it in an ice cave)
 20872 | Lair:4   | Reached skill level 12 in Ice Magic
 20872 | Lair:4   | Gained mutation: You have acidic saliva. [Yellow Draconian
                  | growth]
 20872 | Lair:4   | Reached XP level 14. HP: 118/118 MP: 28/28
 21491 | Lair:5   | Noticed Nessos
 21520 | Lair:5   | Killed Nessos
 21998 | Lair:5   | Bought the +1 pair of gloves of Least Resistance {rElec}
                  | for 352 gold pieces
 22154 | Lair:5   | You fall into a shaft and drop 1 floor!
 22154 | Lair:6   | Entered Level 6 of the Lair of Beasts
 22154 | Lair:6   | Found a staircase to the Slime Pits.
 22344 | Lair:6   | Reached skill level 10 in Fighting
 22433 | Lair:6   | Reached skill level 5 in Shields
 22552 | Lair:6   | Noticed Snorg
 22567 | Lair:6   | Killed Snorg
 23066 | Lair:6   | Learned a level 6 spell: Iron Shot
 23283 | Lair:6   | Gained mutation: You do not regenerate when monsters are
                  | visible. [potion of mutation]
 23283 | Lair:6   | Gained mutation: Your spells are a little harder to cast,
                  | but a little more powerful. [potion of mutation]
 23283 | Lair:6   | Gained mutation: You have sharp toenails. [potion of
                  | mutation]
 23284 | Lair:6   | Lost mutation: Your spells are a little harder to cast, but
                  | a little more powerful. [potion of mutation]
 23284 | Lair:6   | Lost mutation: You do not regenerate when monsters are
                  | visible. [potion of mutation]
 23284 | Lair:6   | Gained mutation: Potions are less effective at restoring
                  | your health. [potion of mutation]
 23284 | Lair:6   | Gained mutation: Your mind is acute. (Int +2) [potion of
                  | mutation]
 23285 | Lair:6   | Lost mutation: You have sharp toenails. [potion of
                  | mutation]
 23285 | Lair:6   | Lost mutation: Potions are less effective at restoring your
                  | health. [potion of mutation]
 23285 | Lair:6   | Gained mutation: You have large cloven feet. [potion of
                  | mutation]
 23285 | Lair:6   | Lost mutation: Your mind is acute. (Int +2) [potion of
                  | mutation]
 23285 | Lair:6   | Gained mutation: You are dopey. (Int -2) [potion of
                  | mutation]
 23285 | Lair:6   | Gained mutation: Your muscles are strong. (Str +2) [potion
                  | of mutation]
 23570 | Lair:6   | Reached skill level 13 in Ice Magic
 23988 | Lair:5   | Bought the +4 pair of boots of the Cooper {rPois} for 535
                  | gold pieces
 24120 | Orc:1    | Entered Level 1 of the Orcish Mines
 24574 | Orc:2    | Entered Level 2 of the Orcish Mines
 24721 | Orc:2    | Found a staircase to the Elven Halls.
 24774 | Orc:2    | Found a radiant altar of Vehumet.
 25029 | Orc:2    | Found Dumn's Gadget Emporium.
 25042 | Orc:2    | Reached XP level 15. HP: 104/128 MP: 29/29
 25090 | Orc:2    | Paralysed by an orc sorcerer for 6 turns
 25092 | Orc:2    | Noticed Jorgrun
 25482 | Orc:2    | Killed Jorgrun
 25578 | Orc:2    | Found Notazez's Antique Weapon Emporium.
 25587 | Orc:2    | Found Leul's Assorted Antiques.
 25587 | Orc:2    | Found Mumiepp's Magic Scroll Shop.
 25930 | D:12     | Found Nyur's Magic Scroll Boutique.
 25979 | D:12     | Found the +7 great mace "Firestarter" {inner flame, rF++}
 26586 | D:12     | Noticed Azrael
 26597 | D:12     | Killed Azrael
 26597 | D:12     | Reached skill level 1 in Maces & Flails
 26613 | D:12     | Found a corrupted altar of Lugonu.
 26621 | D:12     | Identified Lugonu's Compendium of Black Rituals
 27421 | D:12     | You fall into a shaft and drop 2 floors!
 27484 | D:13     | Found Tiseg's Book Emporium.
 28272 | D:13     | Found a gate to the Vaults.
 29719 | D:13     | Bought a book of Minor Magic for 280 gold pieces
 29722 | D:13     | Learned a level 2 spell: Blink
 29822 | D:14     | Reached skill level 5 in Maces & Flails
 30634 | D:14     | Noticed Josephine
 30643 | D:14     | Killed Josephine
 31223 | D:15     | Entered Level 15 of the Dungeon
 31328 | D:15     | Found a staircase to the Depths.
 31372 | D:15     | Found a gate leading to a gauntlet.
 31381 | Gauntlet | Entered a Gauntlet
 31381 | Gauntlet | Found a transporter.
 31391 | Gauntlet | Found a transporter.
 31394 | Gauntlet | Found a transporter.
 31394 | Gauntlet | Found a transporter.
 31397 | Gauntlet | Found a transporter.
 31398 | Gauntlet | Found a transporter.
 31408 | Gauntlet | Found a transporter.
 31417 | Gauntlet | Found a transporter.
 31439 | Gauntlet | Found a transporter.
 31459 | Gauntlet | Found a transporter.
 31463 | Gauntlet | Found a transporter.
 31474 | Gauntlet | Found a transporter.
 32211 | Gauntlet | Lost mutation: Your muscles are strong. (Str +2) [potion of
                  | mutation]
 32211 | Gauntlet | Lost mutation: You have large cloven feet. [potion of
                  | mutation]
 32211 | Gauntlet | Lost mutation: You are very dopey. (Int -4) [potion of
                  | mutation]
 32211 | Gauntlet | Gained mutation: Your body sometimes deteriorates upon
                  | taking damage. [potion of mutation]
 32211 | Gauntlet | Gained mutation: You can translocate small distances at
                  | will. [potion of mutation]
 32224 | Gauntlet | Got a pair of scorched gloves
 32235 | Gauntlet | Identified the +1 pair of gloves of the Loofah {Stlth+}
                  | (You found it in a Gauntlet)
 32294 | Gauntlet | Identified the +12 shortbow "Deubaed" {speed, +Blink rC-
                  | Int+4 SInv} (You found it in a Gauntlet)
 32880 | D:15     | Reached XP level 16. HP: 118/137 MP: 25/25
 33486 | D:15     | Reached skill level 14 in Ice Magic
 35126 | D:13     | Bought a book of Ice for 910 gold pieces
 35133 | D:13     | Learned a level 6 spell: Ozocubu's Refrigeration
 35285 | Elf:1    | Entered Level 1 of the Elven Halls
 35660 | Elf:1    | Reached skill level 1 in Air Magic
 35797 | Elf:1    | Found Zeuweuwa's Book Shop.
 36890 | Elf:2    | HP: 6/139 [+1 scimitar of flaming (1)]
 36896 | Elf:2    | Killed from afar by a +1 scimitar of flaming

Illustrated notes

Levels and vault maps discovered:
D:1:      dpeg_cavernosity, layout_basic
D:2:      layout_basic
D:3:      layout_basic, chequers_ecumenical_altar_twisty
D:4:      layout_loops_corners, chequers_temple_overflow_statue_of_worship,
          first_ration, serial_shops, shop, minmay_misc_feat_columns,
          grunt_ministairs_4, minmay_pentangle, uniq_menkaure
D:5:      layout_cave_pools, kennysheep_mini_moat,
          nicolae_ossuary_entry_monument, wad_floor_pattern_untrapped,
          uniq_sigmund
D:6:      layout_cave_pods, minmay_temple_entry_gardened_gates, serial_shops,
          nicolae_shop_trees, uniq_crazy_yiuf_cottage, uniq_prince_ribbit1
D:7:      layout_basic, serial_shops, nicolae_shop_overgrown_old_shop,
          uniq_maggie
D:8:      layout_basic, hangedman_ranch [blue_anna_fruit_fields]
D:9:      layout_big_octagon, enter_bailey_2
D:10:     layout_basic, lair_entry_dummy
D:11:     layout_long_grid, zombieorc2_lemuel, minmay_fountain_box,
          hangedman_decor_clover_reticule, hangedman_decor_diamond_cutter
D:12:     minmay_firetagon, layout_basic, serial_shops, shop, dk_vineyard_3,
          tgw_lugonu_bribe, uniq_azrael
D:13:     minmay_four_partial_circles, layout_basic,
          lightli_vaults_fourway_checkpoint, serial_shops, nicolae_shop_stone,
          serial_bayou_pond_c
D:14:     layout_stronghold, serial_bayou_pond_e, uniq_josephine
D:15:     hangedman_depths_entry_try_elsewhere_first, layout_stronghold,
          gauntlet_entry_generic, lemuel_flamethrower_3
Temple:   bh_familiar_temple
Lair:1:   layout_chaotic_city, minivault_27, chequers_serial_rivers_large_a,
          kennysheep_rathole, uniq_grum, uniq_erica
Lair:2:   layout_regular_city, roderic_carrion_pond, lemuel_fruit_tree,
          minmay_lair_oklob_chamber
Lair:3:   layout_roguey, minmay_swamp_entry_reptiles,
          nicolae_spider_entry_orb_guardian, minivault_11, uniq_urug
Lair:4:   layout_roguey, portal_ice_cave_demonic_guard, uniq_rupert
Lair:5:   layout_concentric_octagons, minmay_holes, lemuel_fruit_fields,
          uniq_nessos
Lair:6:   minmay_lair_end_frog_pond, layout_cave_shapes, slime_dummy,
          grunt_forest_large_clearing_hut, uniq_snorg
Orc:1:    layout_caves, nicolae_orc_stony_grotto
Orc:2:    st_orc_elflike, layout_caves, basic_altar, uniq_jorgrun
Elf:1:    layout_rooms, serial_shops, shop, minivault_28, guppyfry_library_mini
Elf:2:    layout_loops_ring, minmay_misc_feat_diagonals

Skill      XL: |  1  2  3  4  5  6  7  8  9 10 11 12 13 14 15 16 |
---------------+-------------------------------------------------+-----
Dodging        | 2 3 6 7 8 9 |  9.0
Ice Magic      | 5 6 7 8 9 10 12 13 14 | 14.5
Short Blades   | 1 |  1.3
Spellcasting   | 3 4 5 6 7 8 9 10 11 | 11.9
Stealth        | 2 3 4 5 6 7 |  7.3
Fighting       | 1 2 3 4 7 8 9 10 11 | 11.7
Long Blades    | 1 2 5 7 9 10 11 12 | 12.0
Evocations     | 1 |  1.3
Conjurations   | 5 |  5.7
Shields        | 3 5 7 8 |  8.8
Maces & Flails | 6 8 |  8.3
Air Magic      | 1 |  1.2
Staves         | |  0.1
Throwing       | |  0.9
Charms         | |  0.7

Action                   |  1- 3 |  4- 6 |  7- 9 | 10-12 | 13-15 | 16-18 || total
-------------------------+-------+-------+-------+-------+-------+-------++-------
Melee: Unarmed           |     3 |       |       |       |       |       ||     3
       Dagger            |     9 |    30 |       |       |     1 |       ||    40
       Short sword       |    19 |    33 |       |       |       |       ||    52
       Tailslap          |     1 |     4 |     9 |    41 |    95 |    13 ||   163
       Katana            |       |    13 |   126 |   406 |   689 |   111 ||  1345
       Quarterstaff      |       |       |     2 |       |     5 |       ||     7
       Bite              |       |       |       |       |    48 |     7 ||    55
       Great mace        |       |       |       |       |   179 |    46 ||   225
Throw: Javelin           |       |       |     1 |       |     9 |       ||    10
       Throwing net      |       |       |       |     1 |     1 |       ||     2
 Cast: Freeze            |    30 |       |       |       |       |       ||    30
       Frozen Ramparts   |     8 |    19 |    23 |    41 |   105 |    16 ||   212
       Ozocubu's Armour  |       |     1 |     1 |     7 |     2 |       ||    11
       Hailstorm         |       |       |       |     8 |    46 |       ||    54
       Freezing Cloud    |       |       |       |       |     3 |     4 ||     7
       Ozocubu's Refrige |       |       |       |       |       |     6 ||     6
Invok: Call Merchant     |       |       |       |     1 |     3 |       ||     4
       Potion Petition   |       |       |       |       |     1 |     1 ||     2
 Abil: Breathe Acid      |       |       |     1 |     1 |     1 |       ||     3
Evoke: Wand              |       |       |     1 |     2 |     4 |     2 ||     9
  Use: Scroll            |       |     2 |     1 |     3 |    23 |       ||    29
       Potion            |       |     1 |     1 |     3 |    18 |     2 ||    25
 Stab: Sleeping          |     1 |     2 |     8 |    14 |    14 |     3 ||    42
       Distracted        |       |       |     2 |     1 |     4 |     1 ||     8
       Held in net/web   |       |       |       |       |     3 |       ||     3
       Petrified         |       |       |       |       |       |     1 ||     1
  Eat: Chunk             |     4 |     5 |     4 |    13 |       |       ||    26
       Ration            |       |     2 |     2 |     4 |    17 |     5 ||    30
Armor: Skin              |    16 |    38 |    56 |    95 |   325 |    34 ||   564
Dodge: Dodged            |    50 |    78 |    83 |   191 |   498 |    90 ||   990
       Repelled          |       |       |       |       |     2 |     3 ||     5
Block: Buckler           |       |       |       |       |   140 |       ||   140
       Rpst.: Katana     |       |     1 |    18 |    57 |    82 |    12 ||   170
